 Dungeon Crawl Stone Soup version 0.28-a0-1395-g4f6bc678fa (webtiles) character file.

Game seed: 1279319216312447689

72 Deminshera the Chopper (level 4, -15/41 HPs)
             Began as a Hill Orc Monk on Jan 4, 2022.
             Killed from afar by a gnoll (29 damage)
             ... with a bolt of acid
             ... on level 3 of the Dungeon.
             The game lasted 00:02:26 (3246 turns).

Deminshera the Chopper (Hill Orc Monk)              Turns: 3246, Time: 00:02:29

Health: -15/41     AC:  2    Str: 15    XL:     4   Next: 26%
Magic:  4/4        EV: 12    Int: 10    God:
Gold:   130        SH:  0    Dex: 13    Spells: 3/3 levels left

rFire   . . .      SeeInvis .   a - +0 hand axe
rCold   + . .      Faith    .   (no shield)
rNeg    . . .      Spirit   .   b - +0 robe
rPois   .          Reflect  .   (no helmet)
rElec   .          Harm     .   (no cloak)
rCorr   .          Rampage  .   (no gloves)
Will    .....                   (no boots)
Stlth   ++........              (no amulet)
HPRegen 0.13/turn               d - ring of protection from cold
MPRegen 0.09/turn               (no ring)

@: no status effects
A: no striking features
a: no special abilities


You were on level 3 of the Dungeon.
You visited 1 branch of the dungeon, and saw 3 of its levels.

You collected 130 gold pieces.

Inventory:

Hand Weapons
 a - a +0 hand axe (weapon)
Armour
 b - a +0 robe (worn)
Jewellery
 d - a ring of protection from cold (left hand)
 e - a +6 ring of strength
Scrolls
 c - a scroll of immolation {unknown}
 g - a scroll of teleportation {unknown}
 i - a scroll of torment {unknown}
Potions
 f - a potion of curing {unknown}
 h - a potion of berserk rage {unknown}


   Skills:
 + Level 4.5 Fighting
 + Level 4.9 Axes
 - Level 3.0 Dodging
 - Level 2.0 Stealth


You had 3 spell levels left.
You didn't know any spells.
Your spell library was empty.

Dungeon Overview and Level Annotations

Branches:
Dungeon (3/15)

Altars:

Shops:
D:1 ?


Message History

You barely miss the gnoll. You hit the hobgoblin. The gnoll closely misses you.
The hobgoblin hits you.
You hit the hobgoblin.
You kill the hobgoblin!
You hit the gnoll but do no damage. The gnoll hits you with a +0 club.
You closely miss the gnoll. The gnoll closely misses you.
The gnoll shouts!
You hit the gnoll but do no damage. The gnoll hits you with a +0 club.
You hit the gnoll.
The gnoll is lightly wounded.
The gnoll hits you with a +0 club.
The gnoll hits you from afar with a +0 halberd!
You are too injured to fight recklessly!
You are too injured to fight recklessly!
You are too injured to fight recklessly!
You are too injured to fight recklessly!
You are too injured to fight recklessly!
You are too injured to fight recklessly!
You are too injured to fight recklessly!
You are too injured to fight recklessly!
You are too injured to fight recklessly!
You are too injured to fight recklessly!
You are too injured to fight recklessly!
You are too injured to fight recklessly!
You are too injured to fight recklessly!
You are too injured to fight recklessly!
You are too injured to fight recklessly!
Unknown command.
The bat misses you. The gnoll closely misses you.
The gnoll shouts!
The bat closely misses you. The bat barely misses you. The bat hits you.
The bat closely misses you.
There is a stone staircase leading up here.
The bat hits you but does no damage. The gnoll hits you with a +0 club.
The gnoll barely misses you.
The gnoll zaps a wand.
The bolt of acid hits the bat!!
The acid corrodes the bat!
The bat dies!
The bolt of acid hits you!!
Ouch! That really hurt!
You die...

. .. ########..#
#........... #
###..........# .#
.#####............# #.##
.......#..........##.. .
..................... .
.......@†g.........# .
........g.........#####.
.....###....g......g..†.
..#............#.##....)
)............#.#.####...
..#..............## #.##
. ##.........#....###.#
#................#.#
#...........########


You could see 3 gnolls.

Vanquished Creatures
  2 adders
  A worm (D:2)
  2 dart slugs
  2 orcs (D:3)
  6 bats
  6 endoplasms
  9 goblins
  2 hobgoblins
  6 ball pythons
  A frilled lizard (D:1)
  6 kobolds
  A rat (D:1)
44 creatures vanquished.

Vanquished Creatures (others)
  A bat (D:3)
1 creature vanquished.

Grand Total: 45 creatures vanquished

Notes
Turn   | Place    | Note
-------+----------+-------------------------------------------
     0 | D:1      | Deminshera the Hill Orc Monk began the quest for the Orb.
     0 | D:1      | Reached XP level 1. HP: 19/19 MP: 1/1
   665 | D:1      | Reached XP level 2. HP: 22/27 MP: 2/2
  1030 | D:1      | Found Xak Coaf's Magic Scroll Emporium.
  1581 | D:2      | Reached XP level 3. HP: 24/33 MP: 3/3
  2724 | D:3      | Reached XP level 4. HP: 17/41 MP: 4/4
  3246 | D:3      | Killed from afar by a gnoll

Illustrated notes

Levels and vault maps discovered:
D:1:      heliophobic_arrival_henge, layout_rooms, serial_shops,
          nicolae_shop_hallway_plus, chequers_serial_rivers_small_b,
          solitary_fountain
D:2:      layout_rooms, nrook_mini_vaults
D:3:      layout_rooms, hellmonk_ecumenical_altar_prayer_group

Skill      XL: |  1  2  3  4 |
---------------+-------------+-----
Stealth        | 2 |  2.0
Fighting       | 4 |  4.5
Dodging        | 3 |  3.0
Axes           | |  4.9

Action                   |  1- 3 |  4- 6 || total
-------------------------+-------+-------++-------
Melee: Hand axe          |   127 |    40 ||   167
 Stab: Sleeping          |     1 |     2 ||     3
Armor: Robe              |    18 |     6 ||    24
Dodge: Dodged            |    73 |    31 ||   104

Table legend: (Time is in decaauts)
 A = Elapsed time spent in this place.
 B = Non-inter-level travel time spent in this place.
 C = Inter-level travel time spent in this place.
 D = Time resting spent in this place.
 E = Time spent auto-exploring this place.
 F = Levels seen in this place.
 G = Mean time per level.
                   A        B        C        D        E       F      G
               +--------+--------+--------+--------+--------+-----+--------+
         Total |   3260 |   3204 |     56 |   1174 |   1583 |   3 | 1086.7 |
       Dungeon |   3260 |   3204 |     56 |   1174 |   1583 |   3 | 1086.7 |
               +--------+--------+--------+--------+--------+-----+--------+

Top non-repeatable levels by time:
     D:1: 1846 daAuts
     D:2: 1168 daAuts
     D:3: 246 daAuts
